| TOP OF THE 1ST |
|
Hillsboro Hops batting - Pitching for State College Spikes : LHP Harry Osborne
|
|
Pitching: LHP Harry Osborne
|
|
|
Batting: RHB Nikita Schram
|
0-0: Ball 1-0: Ball 2-0: Ball 3-0: Base on Balls
|
|
Batting: RHB Dale Young
|
0-0: Called Strike 0-1: Ball 1-1: Called Strike 1-2: Strikes out swinging
|
|
Batting: RHB Paul Healy
|
0-0: Called Strike Nikita Schram steals 2nd base 0-1: Ball 1-1: Foul Ball, location: 2F 1-2: Ball 2-2: Ball 3-2: Foul Ball, location: 2F 3-2: 2-RUN HOME RUN (Flyball, 78XD, EV 115.6 MPH), Distance : 431 ft
|
|
Batting: RHB Mike Dodson
|
0-0: Ball 1-0: Swinging Strike 1-1: Ground out 6-3 (Groundball, P, EV 82.5 MPH)
|
|
Batting: RHB T.J. Jordan
|
0-0: Called Strike 0-1: Foul Ball, location: 2F 0-2: Ball 1-2: Strikes out swinging
|
| Top of the 1st over - 2 runs, 1 hit, 0 errors, 0 left on base; Hillsboro 2 - State College 0 |
| BOTTOM OF THE 1ST |
|
State College Spikes batting - Pitching for Hillsboro Hops : RHP Tadatoki Yoshida
|
|
Pitching: RHP Tadatoki Yoshida
|
|
|
Batting: LHB Mike East
|
0-0: Ground out 4-3 (Groundball, 4, EV 99.4 MPH)
|
|
Batting: RHB Juan Carrillo
|
0-0: Ball 1-0: DOUBLE (Flyball, 8RD, EV 85.0 MPH)
|
|
Batting: RHB Nelson Salamanca
|
0-0: 2-RUN HOME RUN (Flyball, 78XD, EV 109.4 MPH), Distance : 434 ft
|
|
Batting: LHB Ken Morehead
|
0-0: Called Strike 0-1: Foul Ball, location: 2F 0-2: Foul Ball, location: 2F 0-2: Ball 1-2: Ball 2-2: Ball 3-2: Foul Ball, location: 2F 3-2: Ground out 1-3 (Groundball, 13S, EV 68.1 MPH)
|
|
Batting: RHB Shou-feng Chang
|
0-0: Ball 1-0: Called Strike 1-1: Ball 2-1: Called Strike 2-2: Ball 3-2: Foul Ball, location: 2F 3-2: Strikes out looking
|
| Bottom of the 1st over - 2 runs, 2 hits, 0 errors, 0 left on base; Hillsboro 2 - State College 2 |
| TOP OF THE 2ND |
|
Hillsboro Hops batting - Pitching for State College Spikes : LHP Harry Osborne
|
|
Batting: SHB David Barona
|
0-0: Called Strike 0-1: Ball 1-1: Called Strike 1-2: Foul Ball, location: 2F 1-2: Foul Ball, location: 2F 1-2: Ball 2-2: Foul Ball, location: 2F 2-2: Ball 3-2: Foul Ball, location: 2F 3-2: Foul Ball, location: 2F 3-2: Ground out 6-3 (Groundball, 6, EV 86.9 MPH)
|
|
Batting: RHB Jonathan Underhill
|
0-0: Foul Ball, location: 2F 0-1: Swinging Strike 0-2: Foul Ball, location: 2F 0-2: Foul Ball, location: 2F 0-2: Foul Ball, location: 2F 0-2: Ball 1-2: Ground out 6-3 (Groundball, P, EV 83.1 MPH)
|
|
Batting: RHB Ryuki Ogasawara
|
0-0: Called Strike 0-1: Ball 1-1: Ball 2-1: SINGLE (Groundball, 6D, EV 100.0 MPH)
|
|
Batting: LHB Ron Mills
|
0-0: Ball 1-0: Called Strike Ryuki Ogasawara steals 2nd, throwing error, E2 Ryuki Ogasawara to third 1-1: Ball 2-1: Ground out 4-3 (Groundball, 4, EV 81.2 MPH)
|
| Top of the 2nd over - 0 runs, 1 hit, 1 error, 1 left on base; Hillsboro 2 - State College 2 |
| BOTTOM OF THE 2ND |
|
State College Spikes batting - Pitching for Hillsboro Hops : RHP Tadatoki Yoshida
|
|
Batting: SHB Justin Houser
|
0-0: DOUBLE (Line Drive, 78D, EV 103.1 MPH)
|
|
Batting: SHB Justin Towry
|
0-0: Ball 1-0: Foul Ball, location: 2F 1-1: Foul Ball, location: 2F 1-2: Strikes out swinging
|
|
Batting: LHB Ken Compton
|
0-0: Called Strike 0-1: Ball 1-1: Ball 2-1: Foul Ball, location: 2F 2-2: Ball 3-2: SINGLE (Groundball, 34D, EV 100.0 MPH) Justin Houser to third
|
|
Batting: RHB John James
|
0-0: Ball 1-0: Ball 2-0: Foul Ball, location: 2F 2-1: Called Strike 2-2: Foul Ball, location: 2F 2-2: Foul Ball, location: 2F 2-2: Ball 3-2: Strikes out looking
|
|
Batting: LHB Mike East
|
0-0: Ball 1-0: Called Strike Ken Compton is caught stealing 2nd base 2-6
|
| Bottom of the 2nd over - 0 runs, 2 hits, 0 errors, 1 left on base; Hillsboro 2 - State College 2 |
| TOP OF THE 3RD |
|
Hillsboro Hops batting - Pitching for State College Spikes : LHP Harry Osborne
|
|
Batting: RHB Nikita Schram
|
0-0: Called Strike 0-1: Ball 1-1: Swinging Strike 1-2: Strikes out swinging
|
|
Batting: RHB Dale Young
|
0-0: Foul Ball, location: 2F 0-1: Ball 1-1: Ball 2-1: Called Strike 2-2: Foul Ball, location: 2F 2-2: Ball 3-2: Base on Balls
|
|
Batting: RHB Paul Healy
|
0-0: Ball 1-0: Called Strike 1-1: Swinging Strike 1-2: Ball 2-2: Foul Ball, location: 2F 2-2: Ball 3-2: Grounds into double play, 5-4-3 (Groundball, 56, EV 81.9 MPH)
|
| Top of the 3rd over - 0 runs, 0 hits, 0 errors, 0 left on base; Hillsboro 2 - State College 2 |
| BOTTOM OF THE 3RD |
|
State College Spikes batting - Pitching for Hillsboro Hops : RHP Tadatoki Yoshida
|
|
Batting: LHB Mike East
|
0-0: Ball 1-0: Ball 2-0: Called Strike 2-1: Ball 3-1: Foul Ball, location: 2F 3-2: Base on Balls
|
|
Batting: RHB Juan Carrillo
|
0-0: Ball 1-0: Called Strike 1-1: Ball 2-1: Ball 3-1: Called Strike 3-2: TRIPLE (Line Drive, 89XD, EV 96.9 MPH) Mike East scores
|
|
Batting: RHB Nelson Salamanca
|
0-0: Called Strike 0-1: Foul Ball, location: 2F 0-2: Foul Ball, location: 2F 0-2: Ball 1-2: Ground out 5-3 (Groundball, 56, EV 82.5 MPH) Juan Carrillo scores
|
|
Batting: LHB Ken Morehead
|
0-0: Foul Ball, location: 2F 0-1: Foul Ball, location: 2F 0-2: Ball 1-2: Foul Ball, location: 2F 1-2: Strikes out swinging
|
|
Batting: RHB Shou-feng Chang
|
0-0: Ball 1-0: Fly out, F9 (Flyball, 9LM, EV 83.1 MPH)
|
| Bottom of the 3rd over - 2 runs, 1 hit, 0 errors, 0 left on base; Hillsboro 2 - State College 4 |
| TOP OF THE 4TH |
|
Hillsboro Hops batting - Pitching for State College Spikes : LHP Harry Osborne
|
|
Batting: RHB Mike Dodson
|
0-0: Ball 1-0: Called Strike 1-1: Ball 2-1: Called Strike 2-2: Ball 3-2: Base on Balls
|
|
Batting: RHB T.J. Jordan
|
0-0: Ball 1-0: Ball 2-0: SINGLE (Groundball, 56D, EV 100.0 MPH) Mike Dodson to second
|
|
Batting: SHB David Barona
|
0-0: Ball 1-0: Ball 2-0: Swinging Strike 2-1: Ball 3-1: Called Strike 3-2: Base on Balls Mike Dodson to third T.J. Jordan to second
|
|
Batting: RHB Jonathan Underhill
|
0-0: Ball 1-0: Swinging Strike 1-1: Foul Ball, location: 2F 1-2: Foul Ball, location: 2F 1-2: Ground out 6-3 (Groundball, P, EV 84.4 MPH) Mike Dodson scores T.J. Jordan to third David Barona to second
|
|
Batting: RHB Ryuki Ogasawara
|
0-0: Ground out 6-3 (Groundball, 56D, EV 83.8 MPH) T.J. Jordan scores
|
|
Batting: LHB Ron Mills
|
0-0: Foul Ball, location: 2F 0-1: Foul Ball, location: 2F 0-2: Ball Wild Pitch! David Barona to third 1-2: Ball 2-2: Ball 3-2: Strikes out swinging
|
| Top of the 4th over - 2 runs, 1 hit, 0 errors, 1 left on base; Hillsboro 4 - State College 4 |
| BOTTOM OF THE 4TH |
|
State College Spikes batting - Pitching for Hillsboro Hops : RHP Tadatoki Yoshida
|
|
Batting: SHB Justin Houser
|
0-0: Ball 1-0: Called Strike 1-1: Foul Ball, location: 2F 1-2: Foul Ball, location: 2F 1-2: SINGLE (Line Drive, 9LM, EV 86.9 MPH)
|
|
Batting: SHB Justin Towry
|
0-0: Foul Ball, location: 2F 0-1: Swinging Strike 0-2: Ball 1-2: Ball 2-2: Fielders Choice at 2nd, 5-4 (Groundball, 6S, EV 88.1 MPH)
|
|
Batting: LHB Ken Compton
|
0-0: Foul Ball, location: 2F 0-1: Reached on error, E6 (Groundball, 6S, EV 88.8 MPH) Justin Towry to second
|
|
Batting: RHB John James
|
0-0: Ball 1-0: Foul Ball, location: 2F 1-1: Swinging Strike 1-2: Strikes out looking
|
|
Batting: LHB Mike East
|
0-0: Foul Ball, location: 2F 0-1: Ball 1-1: Swinging Strike 1-2: Ball 2-2: Ball 3-2: Foul Ball, location: 2F 3-2: Ground out 6-3 (Groundball, 6S, EV 65.6 MPH)
|
| Bottom of the 4th over - 0 runs, 1 hit, 1 error, 2 left on base; Hillsboro 4 - State College 4 |
| TOP OF THE 5TH |
|
Hillsboro Hops batting - Pitching for State College Spikes : LHP Harry Osborne
|
|
Batting: RHB Nikita Schram
|
0-0: Called Strike 0-1: Ball 1-1: Foul Ball, location: 2F 1-2: Strikes out swinging
|
|
Batting: RHB Dale Young
|
0-0: Swinging Strike 0-1: Foul Ball, location: 2F 0-2: Strikes out swinging
|
|
Batting: RHB Paul Healy
|
0-0: Ball 1-0: Ground out 6-3 (Groundball, 6, EV 85.6 MPH)
|
| Top of the 5th over - 0 runs, 0 hits, 0 errors, 0 left on base; Hillsboro 4 - State College 4 |
| BOTTOM OF THE 5TH |
|
State College Spikes batting - Pitching for Hillsboro Hops : RHP Tadatoki Yoshida
|
|
Batting: RHB Juan Carrillo
|
0-0: Called Strike 0-1: Swinging Strike 0-2: Ball 1-2: Foul Ball, location: 2F 1-2: Strikes out swinging
|
|
Batting: RHB Nelson Salamanca
|
0-0: Ball 1-0: Called Strike 1-1: Ball 2-1: Swinging Strike 2-2: Foul Ball, location: 2F 2-2: Ball 3-2: Strikes out looking
|
|
Batting: LHB Ken Morehead
|
0-0: Ball 1-0: Ball 2-0: Called Strike 2-1: Fly out, F8 (Flyball, 8LXD, EV 97.5 MPH)
|
| Bottom of the 5th over - 0 runs, 0 hits, 0 errors, 0 left on base; Hillsboro 4 - State College 4 |
| TOP OF THE 6TH |
|
Hillsboro Hops batting - Pitching for State College Spikes : LHP Harry Osborne
|
|
Batting: RHB Mike Dodson
|
0-0: Called Strike 0-1: DOUBLE (Groundball, 5L, EV 98.8 MPH)
|
|
Batting: RHB T.J. Jordan
|
0-0: Called Strike 0-1: Ball 1-1: Ball 2-1: Ground out 6-3 (Groundball, 6, EV 91.9 MPH)
|
|
Pitching: RHP Tim Watson
|
|
|
Batting: SHB David Barona
|
0-0: Ball 1-0: Foul Ball, location: 2F 1-1: Ball 2-1: SINGLE (Line Drive, 7LS, EV 96.2 MPH) Mike Dodson to third Runner from 3rd tries for Home, SAFE, throw by LF to home David Barona to second
|
|
Batting: RHB Jonathan Underhill
|
0-0: Ball 1-0: Ball 2-0: Ball 3-0: Base on Balls
|
|
Batting: RHB Ryuki Ogasawara
|
0-0: Called Strike 0-1: Grounds into double play, 6-4-3 (Groundball, 6, EV 101.9 MPH)
|
| Top of the 6th over - 1 run, 2 hits, 0 errors, 1 left on base; Hillsboro 5 - State College 4 |
| BOTTOM OF THE 6TH |
|
State College Spikes batting - Pitching for Hillsboro Hops : RHP Tadatoki Yoshida
|
|
Pitching: RHP Jake Priest
|
|
|
Batting: RHB Shou-feng Chang
|
0-0: Ball 1-0: Ball 2-0: Ball 3-0: Called Strike 3-1: Base on Balls
|
|
Batting: SHB Justin Houser
|
0-0: Ball Wild Pitch! Shou-feng Chang to second 1-0: Ball 2-0: Called Strike 2-1: Fly out, F9 (Flyball, 89M, EV 83.1 MPH)
|
|
Batting: SHB Justin Towry
|
0-0: Swinging Strike 0-1: Swinging Strike 0-2: Ball 1-2: Ball 2-2: Foul Ball, location: 2F 2-2: Strikes out swinging
|
|
Batting: LHB Ken Compton
|
0-0: Called Strike 0-1: Called Strike 0-2: Ball 1-2: Ball 2-2: Ground out U3 (Groundball, 3, EV 100.6 MPH)
|
| Bottom of the 6th over - 0 runs, 0 hits, 0 errors, 1 left on base; Hillsboro 5 - State College 4 |
| TOP OF THE 7TH |
|
Hillsboro Hops batting - Pitching for State College Spikes : RHP Tim Watson
|
|
Batting: LHB Ron Mills
|
0-0: Called Strike 0-1: Foul Ball, location: 2F 0-2: Ball 1-2: Strikes out looking
|
|
Batting: RHB Nikita Schram
|
0-0: Called Strike 0-1: Ball 1-1: Foul Ball, location: 2F 1-2: Ball 2-2: Ball 3-2: Strikes out looking
|
|
Batting: RHB Dale Young
|
0-0: Called Strike 0-1: Swinging Strike 0-2: Strikes out looking
|
| Top of the 7th over - 0 runs, 0 hits, 0 errors, 0 left on base; Hillsboro 5 - State College 4 |
| BOTTOM OF THE 7TH |
|
State College Spikes batting - Pitching for Hillsboro Hops : RHP Jake Priest
|
|
Batting: RHB John James
|
0-0: Swinging Strike 0-1: Called Strike 0-2: Ball 1-2: Strikes out looking
|
|
Batting: LHB Mike East
|
0-0: Ball 1-0: Swinging Strike 1-1: Fly out, F9 (Flyball, 9, EV 90.0 MPH)
|
|
Batting: RHB Juan Carrillo
|
0-0: Ball 1-0: Swinging Strike 1-1: Bunt for hit to 3S - play at first, batter OUT! 3-4
|
| Bottom of the 7th over - 0 runs, 0 hits, 0 errors, 0 left on base; Hillsboro 5 - State College 4 |
|